 Dungeon Crawl Stone Soup version 0.22-a0-292-g0df9d5f (webtiles) character file.

97 GizzardofKazz the Slasher (level 4, -2/58 HPs)
             Began as a Minotaur Berserker on Mar 23, 2018.
             Was a Believer of Trog.
             Killed from afar by Sigmund (4 damage)
             ... with a puff of flame
             ... on level 3 of the Dungeon.
             The game lasted 00:03:55 (1798 turns).

GizzardofKazz the Slasher (Minotaur Berserker)      Turns: 1798, Time: 00:03:56

Health: -2/58      AC:  6    Str: 26    XL:     4   Next: 42%
Magic:  3/3        EV: 11    Int:  4    God:    Trog [**....]
Gold:   210        SH:  0    Dex: 11    Spells: 3/3 levels left

rFire    . . .     SeeInvis .   a - +0 falchion
rCold    . . .     Gourm    .   (no shield)
rNeg     . . .     Faith    .   g - +0 ring mail
rPois    +         Spirit   .   (helmet restricted)
rElec    .         Reflect  .   q - +0 cloak {rPois}
rCorr    .         Harm     .   (no gloves)
MR       .....                  (no boots)
Stlth    ..........             (no amulet)
HPRegen  0.19/turn              (no ring)
MPRegen  0.08/turn              (no ring)

@: berserking, very quick
A: retaliatory headbutt, horns 2
a: Berserk, Trog's Hand, Renounce Religion


You were on level 3 of the Dungeon.
You worshipped Trog.
Trog was pleased with you.
You were not hungry.

You visited 1 branch of the dungeon, and saw 3 of its levels.

You collected 210 gold pieces.

Inventory:

Hand Weapons
 a - a +0 falchion (weapon)
Armour
 g - a +0 ring mail (worn)
 q - a +0 cloak of poison resistance (worn)
Jewellery
 e - an uncursed ring of ice
Scrolls
 b - a scroll of fear {unknown}
 i - 4 scrolls of remove curse {unknown}
 j - a scroll of noise {unknown}
 k - a scroll of blinking {unknown}
 m - 2 scrolls of fog {unknown}
 p - a scroll of identify {unknown}
Potions
 d - 2 potions of heal wounds {unknown}
 h - a potion of haste {unknown}
 l - a potion of resistance {unknown}
 n - a potion of mutation {unknown}
 o - 2 potions of berserk rage {unknown}
 r - a potion of ambrosia {unknown}
Comestibles
 c - 5 rations
 f - a chunk of flesh


   Skills:
 - Level 3.6 Fighting
 + Level 6.4 Long Blades
 - Level 2.4 Armour
 - Level 2.1 Dodging


You had 3 spell levels left.
You didn't know any spells.

Dungeon Overview and Level Annotations

Branches:
Dungeon (3/15)

Altars:

Annotations:
D:3 Sigmund


Innate Abilities, Weirdness & Mutations

You reflexively headbutt those who attack you in melee.
You have a pair of horns on your head.


Message History

* * * LOW HITPOINT WARNING * * *
You closely miss something. Your headbutt misses something.
You barely miss something. Something hits you but does no damage.
Your ring mail prevents you from hitting something.
Your headbutt misses something. You miss something.
Your headbutt misses something. You barely miss something.
Your headbutt misses something. Something hits you but does no damage.
You miss something.
Some of the chunks of flesh in your inventory have rotted away.
You miss something. Your headbutt misses something. Something hits you!
* * * LOW HITPOINT WARNING * * *
Something burns you.
* * * LOW HITPOINT WARNING * * *
You slash something! You slash something!
You hear some strange, mumbled words.
A puff of flame appears from out of thin air!
The puff of flame hits you!
You die...

##....# #.############### ......#
#..#............. .#.#.##
##.#.############ .รท...# #...#
..### .#.#.# ##..# ######.##.
.....################# #....#.##.
.........#...........# ####.#.##.
########.......{.....+ #.........
.............$./@....# #>########
########.###############.........
#.#######.## #..#.########
#..........###....#
#########.......#.# #...#.....#
#......#...... ### #..<...#..####
..# #......#....


There were no monsters in sight!

Vanquished Creatures
  Crazy Yiuf (D:3)
  2 adders
  A worm (D:2)
  A dart slug (D:1)
  A leopard gecko (D:1)
  6 bats
  2 giant cockroaches
  4 goblins
  9 hobgoblins
  3 jackals (D:2)
  5 kobolds
  8 rats
  A fungus (D:3)
44 creatures vanquished.

Notes
Turn   | Place    | Note
-------+----------+-------------------------------------------
     0 | D:1      | GizzardofKazz the Minotaur Berserker began the quest for the Orb.
     0 | D:1      | Reached XP level 1. HP: 19/19 MP: 0/0
    83 | D:1      | Reached skill level 4 in Long Blades
   127 | D:1      | Reached XP level 2. HP: 10/26 MP: 1/1
   701 | D:1      | Reached skill level 5 in Long Blades
   771 | D:2      | Reached ** piety under Trog
   771 | D:2      | Reached XP level 3. HP: 25/31 MP: 2/2
  1434 | D:3      | Found a runed door.
  1438 | D:3      | Noticed Crazy Yiuf
  1443 | D:3      | Killed Crazy Yiuf
  1443 | D:3      | Reached skill level 6 in Long Blades
  1443 | D:3      | Reached XP level 4. HP: 39/39 MP: 3/3
  1624 | D:3      | Found a faded altar of an unknown god.
  1782 | D:3      | Noticed Sigmund
  1796 | D:3      | HP: 2/58 [something (2)]
  1798 | D:3      | Killed from afar by Sigmund

Vault maps used:
D:1:      tarquinn_simple_flora_water_a
D:3:      chequers_ecumenical_altar_grove, first_ration, glass_columns_a,
          lemuel_blue_sif_altar, uniq_crazy_yiuf_cottage, uniq_sigmund

Skill      XL: |  1  2  3 |
---------------+----------+-----
Long Blades    | 4 5 6 |  6.4
Fighting       | |  3.6
Armour         | |  2.4
Dodging        | |  2.1

Action                   |  1- 3 |  4- 6 || total
-------------------------+-------+-------++-------
Melee: Falchion          |    76 |    18 ||    94
       Headbutt          |    17 |     3 ||    20
Invok: Berserk           |     1 |     1 ||     2
  Eat: Chunk             |     1 |     3 ||     4
Armor: Ring mail         |    25 |     6 ||    31
Dodge: Dodged            |    35 |     6 ||    41
       Rpst.: Falchion   |     7 |     2 ||     9

Table legend:
 A = Spawn XP
 B = Non-spawn XP
 C = Spawn XP percentage of total XP
 D = Spawn monster count
 E = Non-spawn monster count
 F = Spawn count percentage of total count
 G = Total turns spent on level
                    A         B        C        D         E        F      G
               +---------+---------+-------+---------+---------+-------+---------
         Total |       0 |     139 |   0.0 |       0 |      43 |   0.0 |  1798
               +---------+---------+-------+---------+---------+-------+---------
           D:1 |       0 |      35 |   0.0 |       0 |      20 |   0.0 |   753
           D:2 |       0 |      43 |   0.0 |       0 |      17 |   0.0 |   363
           D:3 |       0 |      61 |   0.0 |       0 |       6 |   0.0 |   682
               +---------+---------+-------+---------+---------+-------+---------
